 Dungeon Crawl Stone Soup version 0.30.1-4-g462c640d31 (webtiles) character file.

Game seed: 14974909293559587160

106 Graphine the Grave Robber (level 5, -2/35 HPs)
             Began as a Human Necromancer on Sept 14, 2023.
             Slain by a river rat (4 damage)
             ... in a sewer.
             The game lasted 00:07:40 (1656 turns).

Graphine the Grave Robber (Human Necromancer)       Turns: 1656, Time: 00:07:40

Health: -2/35      AC:  2    Str:  8    XL:     5   Next: 10%
Magic:  9/9        EV: 13    Int: 18    God:
Gold:   67         SH:  0    Dex: 13    Spells: 6/10 levels left

rFire   . . .        k - +2 dagger (vamp)
rCold   . . .        (no shield)
rNeg    . . .        a - +0 robe
rPois   .            (no helmet)
rElec   .            (no cloak)
rCorr   +            (no gloves)
SInv    .            (no boots)
Will    .....        (no amulet)
Stlth   ++           q - ring of resist corrosion
HPRegen 0.25/turn    (no ring)
MPRegen 0.11/turn

%: no passive effects
@: no status effects
A: no striking features
a: no special abilities


You were in a sewer.
You visited 1 branch of the dungeon, and saw 3 of its levels.
You also visited: Sewer.

You collected 67 gold pieces.

Inventory:

Hand Weapons
 g - a +0 dagger
 k - a +2 vampiric dagger (weapon)
Armour
 a - a +0 robe (worn)
Jewellery
 q - a ring of resist corrosion (left hand)
Scrolls
 c - a scroll of noise {unknown}
 d - a scroll of enchant armour {unknown}
 e - 2 scrolls of amnesia
 h - 2 scrolls of fog
 j - a scroll of enchant weapon {unknown}
 o - a scroll of vulnerability
 p - a scroll of silence {unknown}
Potions
 f - a potion of cancellation {unknown}
 i - 2 potions of might {unknown}
 l - a potion of brilliance {unknown}
 m - a potion of attraction {unknown}
 n - a potion of heal wounds {unknown}


   Skills:
 + Level 3.1 Dodging
 - Level 2.1 Stealth
 + Level 3.0 Spellcasting
 + Level 4.7 Necromancy


You had 6 spell levels left.
You knew the following spells:

 Your Spells              Type           Power      Damage    Failure   Level
a - Necrotise             Necr           76%        1d7       2%          1
b - Vampiric Draining     Necr           19%        2d7       7%          3

Your spell library contained the following spells:

 Spells                   Type           Power      Damage    Failure   Level
 Cigotuvi's Dreadful Rot  Necr/Pois/Air  16%        N/A       13%         2
 Beastly Appendage        Tmut           4%         N/A       16%         1
 Foxfire                  Conj/Fire      8%         2x1d4     16%         1
 Slow                     Hex            8%         N/A       16%         1
 Animate Dead             Necr           19%        N/A       22%         4
 Ignite Poison            Fire/Tmut/Pois 2%         N/A       43%         3
 Agony                    Necr           19%        N/A       54%         5
 Freezing Cloud           Conj/Ice/Air   1%         6-21      99%         5


Dungeon Overview and Level Annotations

Branches:
Dungeon (3/15)              Sewer (1/1)

Altars:


Message History

The rat splashes around in the water.
You hit the rat.
You kill the rat!
Your river rat skeleton barely misses the river rat.
The river rat bites you.
Your river rat skeleton barely misses the river rat.
The river rat misses you.
Your river rat skeleton closely misses the river rat.
The river rat bites you.
You hit the river rat but do no damage.
Your river rat skeleton barely misses the river rat.
The river rat completely misses you.
You barely miss the river rat. The river rat misses you.
Your river rat skeleton barely misses the river rat.
You barely miss the river rat. The river rat bites you.
You closely miss the river rat.
Your river rat skeleton closely misses the river rat.
The river rat bites you.
You hit the river rat but do no damage.
Your river rat skeleton bites the river rat.
The river rat bites you.
You hit the river rat but do no damage.
The river rat is moderately wounded.
Your river rat skeleton barely misses the river rat.
The river rat bites you.
* * * LOW HITPOINT WARNING * * *
Casting: Necrotise (safe; 2% risk of failure)
Confirm with . or Enter, or press ? or * to list all spells.
Aiming: Vampiric Draining (dangerous; 7% risk of failure)
Press: ? - help, Shift-Dir - straight line, f - river rat
Aim: a river rat (moderately wounded, ally target) Nothing appears to happen.
The river rat bites you!
* * * LOW HITPOINT WARNING * * *
Your river rat skeleton bites the river rat but does no damage.
Casting: Vampiric Draining (dangerous; 7% risk of failure)
Confirm with . or Enter, or press ? or * to list all spells.
You don't have enough magic to cast this spell.
Okay, then.
Magic courses through your body. The river rat bites you.
You die...

####
##~.~##
.~..~~~
##.~.~.
#~.~#
##@~#
#~r.#
#~Z##
#~.#
#∩∩#
#.~#
#~~##
#.~.#
##.~#


You could see a river rat (ally target) and a friendly river rat skeleton.

Vanquished Creatures
  2 adders
  2 river rats
  A worm (D:2)
  5 orcs (D:3)
  5 endoplasms
  2 giant cockroaches (D:1)
  2 goblins (D:1)
  3 hobgoblins
  2 jackals (D:1)
  5 quokkas
  7 ball pythons (D:1)
  5 bats
  A frilled lizard (D:3)
  4 kobolds
  5 rats
51 creatures vanquished.

Vanquished Creatures (collateral kills)
  A ball python (D:1)
  A hobgoblin (D:1)
  A quokka (D:3)
  A frilled lizard (D:1)
  5 rats
9 creatures vanquished.

Grand Total: 60 creatures vanquished

Notes
Turn   | Place    | Note
-------+----------+-------------------------------------------
     0 | D:1      | Graphine the Human Necromancer began the quest for the Orb.
     0 | D:1      | Reached XP level 1. HP: 13/13 MP: 3/3
    85 | D:1      | Reached XP level 2. HP: 12/19 MP: 0/5
   165 | D:1      | Got Odujez's Tutorial on Hermetic Knowledge
   311 | D:1      | Reached XP level 3. HP: 20/24 MP: 6/6
   811 | D:1      | Learned a level 3 spell: Vampiric Draining
  1055 | D:2      | Found a faded altar of an unknown god.
  1222 | D:2      | Reached XP level 4. HP: 10/30 MP: 2/8
  1607 | D:3      | Found a glowing drain.
  1614 | Sewer    | Entered a sewer
  1636 | Sewer    | Reached XP level 5. HP: 23/35 MP: 1/9
  1656 | Sewer    | Slain by a river rat

Illustrated notes

Levels and vault maps discovered:
D:1:      scummos_arrival_forest, layout_basic
D:2:      layout_rooms, hellmonk_ecumenical_altar_zigzags, hex_large
D:3:      layout_rooms, gup_sewer_entry_bubbles, minmay_distorted, uniq_jessica
Sewer:    sewer_hellmonk_bad_rat

Skill      XL: |  1  2  3  4 |
---------------+-------------+-----
Dodging        | 3 |  3.1
Spellcasting   | 3 |  3.0
Stealth        | |  2.1
Necromancy     | |  4.7

Action                     |  1- 3 |  4- 6 || total
---------------------------+-------+-------++-------
  Melee: Unarmed           |    18 |       ||    18
         Punch             |     2 |     1 ||     3
         Dagger            |    48 |    72 ||   120
   Cast: Necrotise         |    39 |    12 ||    51
         Vampiric Draining |       |     5 ||     5
    Use: Scroll            |       |     3 ||     3
         Potion            |       |     1 ||     1
   Stab: Sleeping          |     3 |     1 ||     4
 Armour: Robe              |    15 |     8 ||    23
  Dodge: Dodged            |    52 |    42 ||    94
